cohdb
Replays
Latest Replays
All Replays
Popular Replays
Top Player Replays
Match Explorer
How It Works
Community
CoH3 Stats
Reddit
Sign in to upload your games and track your stats! →
Sign in with Steam
Match 41864489
Unlisted
Match 41864489
Overview
Messages
Build Orders
End
Vickers Machine Gun Team
Vickers Machine Gun Team
Selects Heavy Armor Battlegroup
Vickers Machine Gun Team
Vickers Machine Gun Team
Royal Engineer Section
Construct Section Command Post
Selects Rigorous Vehicle Training
Construct Platoon Command Post
Unlock M3 Stuart Light Tanks
M3 Stuart Light Tank
M3 Stuart Light Tank
M3 Stuart Light Tank
M3 Stuart Light Tank
Construct Field Infirmary
Selects Forward Repair Assembly
Selects Light Vehicle Withdraw and Refit
Selects Radio Net
Radio Net
M3 Stuart Light Tank
M3 Stuart Light Tank
M3 Stuart Light Tank
Radio Net
Pekko
Hedzik
Diter Rams
Purple Cross
ASV
hidden blade
Mael Radec
SirLatunka
0
0
Comments
sign in to comment!
No comments posted yet!